 Dungeon Crawl Stone Soup version 0.28.0-45-g0d030f2227 (webtiles) character file.

Game seed: 17983962522710323774

211 protoss039 the Digger (level 5, 21/41 HPs)
             Began as a Demonspawn Earth Elementalist on May 23, 2022.
             Got out of the dungeon alive.
             The game lasted 00:04:09 (2999 turns).

protoss039 the Digger (DsEE)                        Turns: 2999, Time: 00:04:09

Health: 21/41      AC:  4    Str:  9    XL:     5   Next: 57%
Magic:  9/9        EV: 12    Int: 18    God:
Gold:   38         SH:  0    Dex: 13    Spells: 3/9 levels left

rFire   . . .      SeeInvis .   d - +0 dagger
rCold   . . .      Faith    .   (no shield)
rNeg    . . .      Spirit   .   b - +0 robe
rPois   .          Reflect  .   (helmet restricted)
rElec   .          Harm     .   (no cloak)
rCorr   .          Rampage  .   (no gloves)
Will    .....                   (no boots)
Stlth   ++........              (no amulet)
HPRegen 0.13/turn               (no ring)
MPRegen 0.11/turn               (no ring)

@: no status effects
A: antennae 1, molten scales 1, foul stench 1
a: no special abilities


You escaped.
You visited 1 branch of the dungeon, and saw 2 of its levels.

You collected 38 gold pieces.

Inventory:

Hand Weapons
 d - a +0 dagger (weapon)
Missiles
 c - 44 stones
Armour
 b - a +0 robe (worn)
Scrolls
 g - a scroll of identify {unknown}
Potions
 a - a potion of curing {unknown}
 e - a potion of mutation {unknown}
 f - a potion of ambrosia {unknown}


   Skills:
 * Level 3.0 Fighting
 + Level 1.9 Armour
 - Level 1.7 Dodging
 - Level 1.7 Stealth
 + Level 2.8 Spellcasting
 + Level 1.4 Conjurations
 - Level 1.0 Transmutations
 + Level 3.3 Earth Magic


You had 3 spell levels left.
You knew the following spells:

 Your Spells              Type           Power      Damage    Failure   Level
a - Sandblast             Erth           28%        2d8       4%          1
b - Passwall              Tmut/Erth      8%         N/A       11%         2
c - Stone Arrow           Conj/Erth      22%        3d8       19%         3

Your spell library contained the following spells:

 Spells                   Type           Power      Damage    Failure   Level
 Petrify                  Tmut/Erth      10%        N/A       56%         4


Dungeon Overview and Level Annotations

Branches:
Dungeon (2/15)

Altars:

Shops:
D:1 (=!


Innate Abilities, Weirdness & Mutations

You have a pair of small antennae on your head.
You are partially covered in molten scales. (AC +2)
You may rarely emit foul miasma when damaged in melee.


Message History

You hit Sigmund.
Sigmund is almost dead.
Sigmund hits you with a +0 scythe!
* * * LOW HITPOINT WARNING * * *
Unknown command.
Unknown command.
Casting: Sandblast (safe; 4% risk of failure)
Confirm with . or Enter, or press ? or * to list all spells.
Aiming: Sandblast (safe; 4% risk of failure)
Press: ? - help, Shift-Dir - straight line, f/p - Sigmund
Aim: Sigmund, wielding a +0 scythe and wearing a +0 robe (almost dead, 77% to hit)
The blast of sand hits Sigmund.
You kill Sigmund!
Your Fighting skill increases to level 3!
Your Conjurations skill increases to level 1!
You have reached level 4!
You feel stronger.
You have reached level 5!
Your demonic ancestry asserts itself...
A pair of antennae grows on your head!
Things that are here:
a +0 scythe; a +0 robe; the human corpse of Sigmund
Things that are here:
3 boomerangs; a +0 dagger
There is a stone staircase leading up here.
You climb upwards.
There is a stone staircase leading down here.
There is an abandoned shop here.
You see here a +0 mace.
There is an abandoned shop here.
You see here a +0 club.
Magic restored.
You enter the shallow water.
Moving in this stuff is going to be slow.
There is a staircase leading out of the dungeon here.
You can't go up here!
Unknown command.
There is a staircase leading out of the dungeon here.
Are you sure you want to leave the Dungeon?
This will make you lose the game!
You have escaped!

##############
#.........≈P≈#
#.@.###.##P≈≈# #...#
#.##P≈P# #.###
#P≈P##.# #.# #PP≈##.#
###.#####≈P≈...# #
#.#...P≈≈#####.######
###.#.##P≈P# #.#.....
#...#.##PP≈#
###.#.....
#...#≈≈P##.#
#...#.....


There were no monsters in sight!

Vanquished Creatures
  Sigmund (D:2)
  4 dart slugs
  An orc (D:2)
  7 ball pythons
  8 endoplasms
  2 giant cockroaches
  4 goblins
  2 hobgoblins
  2 jackals (D:1)
  A quokka (D:2)
  4 bats
  4 frilled lizards (D:1)
  3 kobolds (D:1)
  2 rats (D:1)
45 creatures vanquished.

Notes
Turn   | Place    | Note
-------+----------+-------------------------------------------
     0 | D:1      | protoss039 the Demonspawn Earth Elementalist began the
                  | quest for the Orb.
     0 | D:1      | Reached XP level 1. HP: 13/13 MP: 3/3
    50 | D:1      | Found Qutriosu's Antique Weapon Shop.
    65 | D:1      | Reached skill level 1 in Transmutations
   394 | D:1      | Gained mutation: You are partially covered in molten
                  | scales. (AC +2) [demonic ancestry]
   394 | D:1      | Reached XP level 2. HP: 11/20 MP: 0/5
   458 | D:1      | Reached skill level 1 in Fighting
   485 | D:1      | Found Anligir's Jewellery Boutique.
  1014 | D:1      | Found Joym's Distillery.
  1064 | D:1      | Found a faded altar of an unknown god.
  1685 | D:1      | Gained mutation: You may rarely emit foul miasma when
                  | damaged in melee. [demonic ancestry]
  1685 | D:1      | Reached XP level 3. HP: 26/26 MP: 6/6
  2114 | D:1      | Learned a level 2 spell: Passwall
  2118 | D:1      | Learned a level 3 spell: Stone Arrow
  2240 | D:2      | Noticed Sigmund
  2305 | D:2      | Reached skill level 1 in Armour
  2875 | D:2      | Killed Sigmund
  2876 | D:2      | Reached skill level 1 in Conjurations
  2876 | D:2      | Reached XP level 4. HP: 4/35 MP: 0/8
  2876 | D:2      | Gained mutation: You have a pair of small antennae on your
                  | head. [demonic ancestry]
  2876 | D:2      | Reached XP level 5. HP: 5/41 MP: 0/9
  2999 | D:$      | Got out of the dungeon alive.

Illustrated notes

Levels and vault maps discovered:
D:1:      psy_arrival_conway, layout_basic, nicolae_ecumenical_lake_church,
          serial_shops, nicolae_shop_competitors_out_of_business, shop,
          shop_statue, corexii_leaking_fountain, chequers_serial_rivers_micro_c
D:2:      layout_loops_corners, serial_shops, shop, minmay_misc_feat_diagonals,
          nicolae_elevator_lobby_plus, uniq_sigmund

Skill      XL: |  1  2  3 |
---------------+----------+-----
Transmutations | 1 |  1.0
Fighting       | 1 3 |  3.0
Earth Magic    | 3 |  3.3
Armour         | 1 |  1.9
Conjurations   | 1 |  1.4
Dodging        | |  1.7
Stealth        | |  1.7
Spellcasting   | |  2.8

Action                   |  1- 3 |  4- 6 || total
-------------------------+-------+-------++-------
Melee: Dagger            |   179 |       ||   179
       Punch             |     1 |       ||     1
 Cast: Sandblast         |    29 |       ||    29
  Use: Scroll            |     4 |       ||     4
 Stab: Sleeping          |     4 |       ||     4
       Distracted        |     1 |       ||     1
Armor: Robe              |    64 |       ||    64
Dodge: Dodged            |   142 |       ||   142
